 Dungeon Crawl Stone Soup version 0.29.0-11-gd7f09526c8 (webtiles) character file.

Game seed: 13923540366394924491

212 MisterFreud the Cudgeller (level 5, -4/32 HPs)
             Began as a Gargoyle Fighter on Sept 4, 2022.
             Slain by an orc
             ... wielding a +0 flail
              (7 damage)
             ... on level 5 of the Dungeon.
             The game lasted 00:04:10 (2914 turns).

MisterFreud the Cudgeller (Gargoyle Fighter)        Turns: 2914, Time: 00:04:10

Health: -4/32      AC: 10    Str: 21    XL:     5   Next: 89%
Magic:  5/5        EV: 13    Int: 11    God:
Gold:   190        SH:  5    Dex:  9    Spells: 4/4 levels left

rFire   . . .      SeeInvis .   a - +0 flail
rCold   . . .      Faith    .   c - +1 buckler
rNeg    + . .      Spirit   .   b - +0 scale mail
rPois   ∞          Reflect  .   (no helmet)
rElec   +          Harm     .   (no cloak)
rCorr   .          Rampage  .   (no gloves)
Will    .....                   (no boots)
Stlth   ..........              (no amulet)
HPRegen 0.10/turn               j - ring of Asceticism {rElec EV+4 Int+2}
MPRegen 0.09/turn               (no ring)

@: no status effects
A: sickness immunity, AC +4, negative energy resistance 1, electricity
resistance, torment resistance 1, petrification resistance
a: no special abilities


You were on level 5 of the Dungeon.
You visited 1 branch of the dungeon, and saw 5 of its levels.

You collected 190 gold pieces.

Inventory:

Hand Weapons
 a - a +0 flail (weapon)
 m - a +2 mace of holy wrath
 q - a +2 long sword of draining
Armour
 b - a +0 scale mail (worn)
 c - a +1 buckler (worn)
Jewellery
 e - a ring of wizardry
 j - the ring of Asceticism (left hand) {rElec EV+4 Int+2}
   (You found it on level 2 of the Dungeon)

   [ring of evasion]

   EV:        It affects your evasion (+4).
   Int:       It affects your intelligence (+2).
   rElec:     It insulates you from electricity.
 l - a ring of magical power
Scrolls
 f - 2 scrolls of magic mapping
 p - a scroll of fog
 r - a scroll of teleportation
Potions
 d - a potion of might
 g - a potion of brilliance
 h - 4 potions of curing
 i - a potion of lignification {unknown}
 n - a potion of mutation {unknown}
 o - 2 potions of degeneration {unknown}
 s - a potion of attraction {unknown}


   Skills:
 - Level 3.2 Fighting
 + Level 5.9 Maces & Flails
 - Level 3.2 Armour
 - Level 3.2 Shields


You had 4 spell levels left.
You didn't know any spells.
Your spell library contained the following spells:

 Spells                   Type           Power      Damage    Failure   Level
 Beastly Appendage        Tmut           0%         N/A       77%         1
 Wereblood                Tmut           0%         N/A       88%         2
 Spider Form              Tmut/Pois      0%         N/A       98%         3


Dungeon Overview and Level Annotations

Branches:
Dungeon (5/15)
 Temple: D:4-7

Altars:
Hepliaklqana

Shops:
D:1 :


Innate Abilities, Weirdness & Mutations

You are immune to sickness and miasma.
Your stone body is resilient. (AC +4)
You are immune to poison.
You resist negative energy. (rN+)
You are resistant to electric shocks. (rElec)
You are resistant to unholy torment.
You are immune to petrification.


Message History

You closely miss the orc.
The orc is almost dead.
The orc barely misses you.
You closely miss the orc.
The orc is almost dead.
The orc closely misses you.
You sock the orc!
You kill the orc!
The orc hits you but does no damage.
You hit the orc.
The orc is severely wounded.
You block the orc's attack.
You sock the orc!
You kill the orc!
The orc priest calls down the wrath of Beogh upon you.
Beogh smites you!
You barely miss the orc. The orc barely misses you.
The orc priest mumbles some strange prayers to Beogh against you.
Beogh smites you!
* * * LOW HITPOINT WARNING * * *
You are too injured to fight recklessly!
You barely miss the orc. You block the orc's attack.
You are too injured to fight recklessly!
The orc attacks as you move away! The orc hits you with a +0 flail.
* * * LOW HITPOINT WARNING * * *
There is a stone staircase leading down here.
The orc hits you but does no damage.
You climb downwards.
There is a stone staircase leading up here.
You closely miss the orc. The orc closely misses you.
You hit the orc.
The orc is almost dead.
The orc closely misses you.
You closely miss the orc.
The orc is almost dead.
The orc barely misses you.
You closely miss the orc.
The orc is almost dead.
You block the orc's attack. The orc hits you with a +0 flail!
You die...

##.#
....
#..#
#..#
#..###
#....
#..#
#@.#
##o#
.# .#
.# ##


You could see an orc.

Vanquished Creatures
  A necrophage (D:3)
  An iguana (D:3)
  3 gnolls
  A worm (D:2)
  A dart slug (D:2)
  9 orcs
  7 ball pythons
  8 bats
  6 endoplasms
  2 giant cockroaches
  10 hobgoblins
  4 jackals (D:1)
  5 quokkas
  4 frilled lizards
  6 goblins
  3 kobolds
  5 rats
76 creatures vanquished.

Vanquished Creatures (others)
  7 plants (D:3)
7 creatures vanquished.

Grand Total: 83 creatures vanquished

Notes
Turn   | Place    | Note
-------+----------+-------------------------------------------
     0 | D:1      | MisterFreud the Gargoyle Fighter began the quest for the
                  | Orb.
     0 | D:1      | Reached XP level 1. HP: 14/14 MP: 1/1
   188 | D:1      | Reached XP level 2. HP: 19/19 MP: 2/2
   254 | D:1      | Reached skill level 3 in Maces & Flails
   627 | D:1      | Reached XP level 3. HP: 19/23 MP: 3/3
   737 | D:1      | Found Gois's Book Boutique.
   873 | D:2      | Identified the ring of Asceticism {rElec EV+4 Int+2}
  1152 | D:2      | Reached skill level 4 in Maces & Flails
  1527 | D:3      | Found a hazy altar of Hepliaklqana.
  1574 | D:3      | Reached XP level 4. HP: 28/28 MP: 4/4
  2045 | D:3      | Reached skill level 5 in Maces & Flails
  2061 | D:3      | Reached XP level 5. HP: 14/32 MP: 5/5
  2910 | D:5      | Entered Level 5 of the Dungeon
  2914 | D:5      | Slain by an orc

Illustrated notes

Levels and vault maps discovered:
D:1:      mrwooster_arrival_statue, layout_loops_ring, serial_shops, shop
D:2:      layout_rooms
D:3:      layout_basic, nicolae_hepliaklqana_hazy_memory, minmay_joined_circles
D:4:      layout_basic, gammafunk_temple_overflow_pools,
          kennysheep_generic_room_4
D:5:      layout_basic, mainiacjoe_overflow_concentric_impassable,
          minmay_diced_spiral, uniq_eustachio

Skill      XL: |  1  2  3  4 |
---------------+-------------+-----
Maces & Flails | 3 4 5 |  5.9
Fighting       | |  3.2
Armour         | |  3.2
Shields        | |  3.2

Action                   |  1- 3 |  4- 6 || total
-------------------------+-------+-------++-------
Melee: Flail             |   121 |   168 ||   289
  Use: Scroll            |     6 |     4 ||    10
       Potion            |       |     1 ||     1
Armor: Scale mail        |    51 |    56 ||   107
Dodge: Dodged            |    63 |    90 ||   153
Block: Buckler           |    29 |    58 ||    87
